 Dungeon Crawl Stone Soup version 0.29.0-4-gdea44cf6ec (webtiles) character file.

Game seed: 14420606627070930819

32 qw the Caller (level 3, 0/29 HPs)
             Began as a Ghoul Summoner on Sept 9, 2022.
             Slain by Sigmund
             ... wielding a +0 scythe
              (10 damage)
             ... on level 2 of the Dungeon.
             The game lasted 00:00:44 (1761 turns).

qw the Caller (Ghoul Summoner)                      Turns: 1761, Time: 00:00:45

Health: 0/29       AC:  6    Str: 13    XL:     3   Next: 27%
Magic:  4/4        EV:  6    Int: 10    God:
Gold:   34         SH:  0    Dex: 15    Spells: 4/5 levels left

rFire   . . .      SeeInvis .   Y - +1 rapier
rCold   + . .      Faith    .   (no shield)
rNeg    + + +      Spirit   .   h - +0 scale mail
rPois   inf        Reflect  .   (no helmet)
rElec   .          Harm     .   (no cloak)
rCorr   .          Rampage  .   (no gloves)
Will    .....                   (no boots)
Stlth   ..........              (no amulet)
HPRegen 0.00/turn               m - +6 ring of dexterity
MPRegen 0.09/turn               (no ring)

@: confused, grasped by roots, inhibited regen, constricted
A: claws 1, cold resistance 1, negative energy resistance 3, inhibited
regeneration, torment resistance 2, devour on kill
a: no special abilities


You were on level 2 of the Dungeon.
You visited 1 branch of the dungeon, and saw 2 of its levels.

You collected 34 gold pieces.


Innate Abilities, Weirdness & Mutations

You are immune to poison.
You have sharp fingernails.
Your flesh is cold resistant. (rC+)
You are immune to negative energy. (rN+++)
You do not regenerate when monsters are visible.
You are immune to unholy pain and torment.
You thrive by killing the living.


   Skills:
 + Level 1.6 Fighting
 - Level 2.0 Axes
 - Level 1.7 Dodging
 - Level 2.1 Stealth
 - Level 1.7 Spellcasting
 - Level 3.6 Summonings


You had 4 spell levels left.
You knew the following spells:

 Your Spells              Type           Power      Damage    Failure   Level
a - Summon Small Mammal   Summ           32%        N/A       36%         1

Your spell library contained the following spells:

 Spells                   Type           Power      Damage    Failure   Level
 Call Imp                 Summ           8%         N/A       50%         2
 Call Canine Familiar     Summ           8%         N/A       73%         3
 Summon Guardian Golem    Hex/Summ       4%         N/A       93%         3
 Summon Lightning Spire   Summ/Air       4%         N/A       100%        4

Inventory:

Hand Weapons
 Y - a +1 rapier (weapon)
Missiles
 f - 6 silver javelins (quivered)
Armour
 h - a +0 scale mail (worn)
Jewellery
 l - a ring of fire
 m - a +6 ring of dexterity (left claw)
Potions
 d - a potion of brilliance {unknown}
 g - a potion of heal wounds {unknown}
 j - a potion of berserk rage {unknown}

Dungeon Overview and Level Annotations

Branches:
Dungeon (2/15)

Altars:

Annotations:
D:2 Sigmund


Message History

Level annotation: Sigmund Sigmund gestures at you while chanting.
The puff of flame hits you.
There is a stone staircase leading up here.
1723 ||| STAIRDANCE You climb upwards.
There is a stone staircase leading down here.
You start resting.
HP restored.
Done exploring.
(D) Dungeon
Where to? (* - list waypoints, Enter - D:2, ? - help)
What level of the Dungeon? (default 1, ? - help)
You climb downwards.
Level annotation: Sigmund Sigmund gestures at you while chanting.
You are confused.
Sigmund points at you and mumbles some strange words.
You are more confused.
There is a stone staircase leading up here.
1756 ||| STAIRDANCE Sigmund gestures at you while chanting.
The puff of flame hits you!
In your confused state, you trip and fall back down the stairs.
Sigmund zaps a wand.
The roots erupt in riotous growth!
The grasping roots grab you! The grasping roots constrict you.
You hear a shout!
You escape the roots grasp.
Sigmund gestures at you while chanting. You resist with significant effort.
Sigmund zaps a wand.
The roots erupt in riotous growth!
The grasping roots grab you! The grasping roots constrict you.
The roots grasp on you weakens, but your attempt to escape fails.
The grasping roots constrict you.
A kobold comes into view. It is wielding a +0 short sword.
You're too confused to move!
Sigmund hits you from afar with a +0 scythe!
You die...

### ..
..# ...
#.# #..K
#.####...
#.#....#
##.#@..#
#......#
#..@##.#
#.><...#
#...####
#...#
##..#
...#
##.## #.#
#.


You could see Sigmund and a kobold.

Vanquished Creatures
  3 endoplasms (D:1)
  A giant cockroach (D:1)
  A goblin (D:1)
  5 hobgoblins (D:1)
  2 kobolds (D:1)
  A quokka (D:1)
  A ball python (D:1)
  5 bats (D:1)
  A frilled lizard (D:1)
20 creatures vanquished.

Vanquished Creatures (collateral kills)
  A giant cockroach (D:1)
  A hobgoblin (D:1)
  A quokka (D:1)
  2 bats (D:1)
  2 goblins (D:1)
  A rat (D:1)
8 creatures vanquished.

Grand Total: 28 creatures vanquished

Notes
Turn   | Place    | Note
-------+----------+-------------------------------------------
     0 | D:1      | qw the Ghoul Summoner began the quest for the Orb.
     0 | D:1      | Reached XP level 1. HP: 14/14 MP: 2/2
     0 | D:1      | 0 ||| qw: Version: 0.1-a-113-g051387a
     0 | D:1      | 0 ||| qw: Game counter: 6919
     0 | D:1      | 0 ||| qw: Always use a shield: true
     0 | D:1      | 0 ||| qw: God list: Okawaru
     0 | D:1      | 0 ||| qw: Allow faded altars: false
     0 | D:1      | 0 ||| qw: Do Orc after D:15 true
     0 | D:1      | 0 ||| qw: Do second Lair branch before Depths: true
     0 | D:1      | 0 ||| qw: Lair rune preference: random
     0 | D:1      | 0 ||| qw: Plans: Normal
     0 | D:1      | 0 ||| PLANNING D:1-11
    10 | D:1      | 10 ||| CASTING Summon Small Mammal
    11 | D:1      | 11 ||| CASTING Summon Small Mammal
    41 | D:1      | 41 ||| CASTING Summon Small Mammal
    42 | D:1      | 42 ||| CASTING Summon Small Mammal
   159 | D:1      | 159 ||| CASTING Summon Small Mammal
   160 | D:1      | 160 ||| CASTING Summon Small Mammal
   186 | D:1      | 186 ||| CASTING Summon Small Mammal
   187 | D:1      | 187 ||| CASTING Summon Small Mammal
   197 | D:1      | Reached skill level 1 in Axes
   212 | D:1      | 212 ||| Wielding weapon +0 whip.
   214 | D:1      | 214 ||| CASTING Summon Small Mammal
   215 | D:1      | 215 ||| CASTING Summon Small Mammal
   365 | D:1      | 365 ||| CASTING Summon Small Mammal
   366 | D:1      | 366 ||| CASTING Summon Small Mammal
   377 | D:1      | Reached XP level 2. HP: 22/22 MP: 0/3
   378 | D:1      | 378 ||| CASTING Summon Small Mammal
   383 | D:1      | Reached skill level 1 in Fighting
   447 | D:1      | 447 ||| CASTING Summon Small Mammal
   448 | D:1      | 448 ||| CASTING Summon Small Mammal
   449 | D:1      | 449 ||| CASTING Summon Small Mammal
   499 | D:1      | 499 ||| CASTING Summon Small Mammal
   500 | D:1      | 500 ||| CASTING Summon Small Mammal
   501 | D:1      | 501 ||| CASTING Summon Small Mammal
   543 | D:1      | 543 ||| CASTING Summon Small Mammal
   544 | D:1      | 544 ||| CASTING Summon Small Mammal
   545 | D:1      | 545 ||| CASTING Summon Small Mammal
   555 | D:1      | 555 ||| CASTING Summon Small Mammal
   568 | D:1      | 568 ||| CASTING Summon Small Mammal
   629 | D:1      | 629 ||| CASTING Summon Small Mammal
   630 | D:1      | 630 ||| CASTING Summon Small Mammal
   631 | D:1      | 631 ||| CASTING Summon Small Mammal
   660 | D:1      | 660 ||| Stepping ~*~*~tactically~*~*~ (stealth).
   666 | D:1      | 666 ||| CASTING Summon Small Mammal
   667 | D:1      | 667 ||| CASTING Summon Small Mammal
   668 | D:1      | 668 ||| CASTING Summon Small Mammal
   723 | D:1      | 723 ||| CASTING Summon Small Mammal
   724 | D:1      | 724 ||| CASTING Summon Small Mammal
   725 | D:1      | 725 ||| CASTING Summon Small Mammal
   848 | D:1      | 848 ||| CASTING Summon Small Mammal
   849 | D:1      | 849 ||| CASTING Summon Small Mammal
   850 | D:1      | 850 ||| CASTING Summon Small Mammal
   889 | D:1      | 889 ||| CASTING Summon Small Mammal
   890 | D:1      | 890 ||| CASTING Summon Small Mammal
   891 | D:1      | 891 ||| CASTING Summon Small Mammal
   900 | D:1      | 900 ||| CASTING Summon Small Mammal
   946 | D:1      | 946 ||| CASTING Summon Small Mammal
   947 | D:1      | 947 ||| CASTING Summon Small Mammal
   948 | D:1      | 948 ||| CASTING Summon Small Mammal
   986 | D:1      | 986 ||| CASTING Summon Small Mammal
   987 | D:1      | 987 ||| CASTING Summon Small Mammal
   988 | D:1      | 988 ||| CASTING Summon Small Mammal
   990 | D:1      | Reached XP level 3. HP: 28/28 MP: 0/4
  1042 | D:1      | 1042 ||| CASTING Summon Small Mammal
  1043 | D:1      | 1043 ||| CASTING Summon Small Mammal
  1044 | D:1      | 1044 ||| CASTING Summon Small Mammal
  1045 | D:1      | 1045 ||| CASTING Summon Small Mammal
  1094 | D:1      | 1094 ||| SWAPPING to +0 rapier.
  1095 | D:1      | 1095 ||| DROPPING +0 whip.
  1149 | D:1      | 1149 ||| CASTING Summon Small Mammal
  1150 | D:1      | 1150 ||| CASTING Summon Small Mammal
  1151 | D:1      | 1151 ||| CASTING Summon Small Mammal
  1152 | D:1      | 1152 ||| CASTING Summon Small Mammal
  1209 | D:1      | Found a faded altar of an unknown god.
  1210 | D:1      | 1210 ||| CASTING Summon Small Mammal
  1211 | D:1      | 1211 ||| CASTING Summon Small Mammal
  1212 | D:1      | 1212 ||| CASTING Summon Small Mammal
  1213 | D:1      | 1213 ||| CASTING Summon Small Mammal
  1225 | D:1      | 1225 ||| CASTING Summon Small Mammal
  1277 | D:1      | 1277 ||| CASTING Summon Small Mammal
  1278 | D:1      | 1278 ||| CASTING Summon Small Mammal
  1279 | D:1      | 1279 ||| CASTING Summon Small Mammal
  1280 | D:1      | 1280 ||| CASTING Summon Small Mammal
  1287 | D:1      | 1287 ||| CASTING Summon Small Mammal
  1297 | D:1      | 1297 ||| CASTING Summon Small Mammal
  1502 | D:1      | 1502 ||| UPGRADING to +0 ring mail.
  1512 | D:1      | 1512 ||| DROPPING +0 robe.
  1513 | D:1      | 1513 ||| UPGRADING to +0 scale mail.
  1523 | D:1      | 1523 ||| DROPPING +0 ring mail.
  1524 | D:1      | 1524 ||| UPGRADING to +6 ring of dexterity.
  1525 | D:1      | 1525 ||| READING scroll labelled YSIBIT SOSI.
  1526 | D:1      | 1526 ||| READING scroll labelled EGEOTT EDYE.
  1527 | D:1      | 1527 ||| READING scroll labelled WUISTR IRUXTIN.
  1528 | D:1      | 1528 ||| DROPPING potion of magic.
  1546 | D:2      | Noticed Sigmund
  1547 | D:2      | 1547 ||| STAIRDANCE
  1549 | D:1      | 1549 ||| Stepping ~*~*~tactically~*~*~ (outnumbered).
  1550 | D:1      | 1550 ||| Stepping ~*~*~tactically~*~*~ (outnumbered).
  1723 | D:2      | 1723 ||| STAIRDANCE
  1756 | D:2      | 1756 ||| STAIRDANCE
  1761 | D:2      | Slain by Sigmund

Levels and vault maps discovered:
D:1:      sevenhm_arrival_forest_fort_large_4, layout_rooms,
          hellmonk_ecumenical_altar_slurped_away
D:2:      layout_basic, basic_altar, chequers_serial_rivers_small_b,
          uniq_sigmund

Skill      XL: |  1  2 |
---------------+-------+-----
Axes           | 1 2 |  2.0
Fighting       | 1 |  1.6
Dodging        | |  1.7
Stealth        | |  2.1
Spellcasting   | |  1.7
Summonings     | |  3.6

Action                   || total
-------------------------++-------
Melee: Unarmed           ||     7
       Whip              ||    26
       Rapier            ||    30
Throw: Javelin           ||    13
 Cast: Summon Small Mamm ||    62
  Use: Scroll            ||     3
Armor: Robe              ||    22
       Scale mail        ||     5
Dodge: Dodged            ||    72

Table legend:
 A = Non-vault XP
 B = Vault XP
 C = Vault XP percentage of total XP
 D = Non-vault monster count
 E = Vault monster count
 F = Vault count percentage of total count
                 A         B        C        D         E       F
            +---------+---------+-------+---------+---------+-------
      Total |      45 |       2 |   4.3 |      27 |       1 |   3.6
            +---------+---------+-------+---------+---------+-------
        D:1 |      45 |       2 |   4.3 |      27 |       1 |   3.6
            +---------+---------+-------+---------+---------+-------
